 Dungeon Crawl Stone Soup version 0.21.1-1-g345015f (webtiles) character file.

37731 Fang the Severer (level 13, -5/84 HPs)
             Began as a Gargoyle Berserker on May 23, 2018.
             Was a High Priest of Trog.
             Slain by a ten-headed hydra (9 damage)
             ... on level 6 of the Lair of Beasts.
             The game lasted 00:22:50 (17012 turns).

Fang the Severer (Gargoyle Berserker)              Turns: 17012, Time: 00:22:51

Health: -5/84      AC: 34    Str: 27    XL:     13   Next: 98%
Magic:  0/4        EV: 13    Int:  7    God:    Trog [*****.]
Gold:   1123       SH:  0    Dex:  9    Spells: 12/12 levels left

rFire    + . .     SeeInvis .   h - +2 executioner's axe (antimagic)
rCold    + . .     Gourm    .   (shield currently unavailable)
rNeg     + . .     Faith    .   k - +6 chain mail
rPois    ∞         Spirit   +   (no helmet)
rElec    +         Reflect  .   m - scarf {rC+ rF+}
rCorr    .         Harm     .   y - +1 pair of gloves
MR       .....                  (no boots)
Stlth    ..........             B - amulet of guardian spirit
HPRegen  0.24/turn              x - +2 ring of evasion
MPRegen  0.09/turn              E - +4 ring of protection

@: about to teleport, berserk cooldown, slowed, very slow
A: negative energy resistance 1, electricity resistance, unbreathing,
petrification resistance, rot immunity, AC +9
a: Berserk, Trog's Hand, Brothers in Arms, Burn Spellbooks, Renounce Religion


You were on level 6 of the Lair of Beasts.
You worshipped Trog.
Trog was extremely pleased with you.
You were not hungry.

You visited 4 branches of the dungeon, and saw 18 of its levels.
You also visited: Ice Cave.

You collected 1123 gold pieces.

Inventory:

Hand Weapons
 b - a +5 hand axe of venom
 h - a +2 antimagic executioner's axe (weapon)
Armour
 k - a +6 chain mail (worn)
 m - a scarf of resistance (worn)
 y - a +1 pair of gloves (worn)
Jewellery
 f - an uncursed ring of ice
 r - a cursed amulet of inaccuracy {unknown}
 x - a +2 ring of evasion (left hand)
 B - an amulet of guardian spirit (around neck)
 E - a +4 ring of protection (right hand)
 H - an uncursed amulet of the gourmand {unknown}
Wands
 d - a wand of enslavement (34)
 n - a wand of flame (29)
 w - a wand of iceblast (12)
 C - a wand of digging (4)
Scrolls
 a - 8 scrolls of remove curse
 i - 6 scrolls of teleportation
 l - 3 scrolls of fog
 o - a scroll of enchant weapon
 q - 2 scrolls of fear
 s - 3 scrolls of magic mapping
 A - 3 scrolls of vulnerability
 D - 5 scrolls of identify
 G - a scroll of acquirement {unknown}
Potions
 e - 4 potions of curing
 g - 3 potions of lignification
 j - 2 potions of haste
 p - 4 potions of berserk rage
 t - 4 potions of mutation
 u - 2 potions of flight
 v - 2 potions of ambrosia
 z - 3 potions of brilliance
 F - 2 potions of resistance
Comestibles
 c - 22 rations
 I - 7 chunks of flesh


   Skills:
 + Level 11.3 Fighting
 + Level 15.6 Axes
 + Level 12.0 Armour
 + Level 4.7 Dodging
 + Level 3.0 Stealth


You had 12 spell levels left.
You didn't know any spells.

Dungeon Overview and Level Annotations

Branches:
Dungeon (10/15)            Temple (1/1) D:5            Lair (6/6) D:10
  Snake (1/4) Lair:2          Orc (0/2) D:9
  Swamp: Lair:2-4    Shoals: Lair:2-4     Slime: Lair:5-6

Altars:
Ashenzari
Cheibriados
Dithmenos
Elyvilon
Fedhas
Gozag
Hepliaklqana
Kikubaaqudgha
Makhleb
Nemelex Xobeh
Okawaru
Qazlal
Ru
Sif Muna
Trog
Uskayaw
Vehumet
Wu Jian
Xom
Yredelemnul
Zin
The Shining One

Annotations:
Lair:2 exclusion: oklob plant


Innate Abilities, Weirdness & Mutations

You are resistant to torment.
Your stone body is resilient. (AC +9)
You are immune to poison.
You resist negative energy. (rN+)
You are resistant to electric shocks. (rElec)
You can survive without breathing.
You are immune to petrification.
You are immune to rotting.


Message History

* * * LOW HITPOINT WARNING * * *
The ten-headed hydra completely misses you.
The ten-headed hydra bites you but does no damage.
As you read the scroll of teleportation, it crumbles to dust.
You feel strangely unstable. The ten-headed hydra barely misses you.
The ten-headed hydra bites you but does no damage. x2
The ten-headed hydra bites you.
* * * LOW HITPOINT WARNING * * *
The ten-headed hydra barely misses you.
The ten-headed hydra closely misses you.
The ten-headed hydra barely misses you.
The ten-headed hydra bites you but does no damage.
The ten-headed hydra bites you.
* * * LOW HITPOINT WARNING * * *
The ten-headed hydra closely misses you.
The ten-headed hydra bites you.
* * * LOW HITPOINT WARNING * * *
The ten-headed hydra bites you but does no damage. x2
The ten-headed hydra bites you!
You die...

..P## #♣♣
..............### ##P≈
#.............#.####...
##......................
#..........##........###
...........##.#..÷....##
...........#.###.....###
.............#..#.....##
......D@..†.............
..#..............P......
........................
..............(.........
........................
........................
........................
........................
................


You could see a ten-headed hydra.

Vanquished Creatures
  A fire dragon (Lair:6)
  Josephine (D:10)
  The ghost of dirtydan the Blocker, a journeyman GnFi of Gozag (D:10)
  A hydra (Lair:6)
  Harold (D:10)
  A two-headed ogre (D:10)
  6 death yaks (Lair:4)
  Sonja (Lair:2)
  Nergalle (Lair:3)
  A swamp dragon (Lair:6)
  A cyclops (D:8)
  6 elephants (Lair:2)
  8 spiny frogs
  Joseph (D:8)
  A gargoyle (D:10)
  2 rime drakes (Lair:4)
  8 komodo dragons
  A troll (D:10)
  21 blink frogs
  Prince Ribbit (D:5)
  A hornet (D:9)
  6 hippogriffs
  Sigmund (D:4)
  The ghost of bnns the Ruffian, an amateur VSMo (D:3)
  2 wyverns (Lair:5)
  19 yaks
  Grum (D:8)
  Eustachio (D:4)
  3 fire bats (Lair:3)
  4 wraiths (D:10)
  5 steam dragons (Lair:6)
  2 hungry ghosts
  3 basilisks
  3 nagas (Lair:2)
  A soldier ant (D:9)
  8 porcupines
  6 water moccasins
  3 swamp drakes
  5 ice beasts
  3 orc warriors
  A phantom (D:6)
  A sky beast (D:8)
  7 ogres
  3 wolves (D:8)
  4 centaurs
  3 big kobolds
  7 crocodiles
  Blork the orc (D:4)
  The ghost of bnns the Ruffian, an amateur VSMo (D:4)
  16 bullfrogs
  A water moccasin zombie (D:7)
  3 scorpions
  9 killer bees
  8 wights
  2 electric eels (Lair:4)
  4 crimson imps
  A bullfrog zombie (D:10)
  8 hounds
  3 jellies
  6 orc priests
  Crazy Yiuf (D:4)
  15 orc wizards
  A bullfrog skeleton (D:8)
  2 centaur skeletons
  9 iguanas
  8 worker ants
  A hound zombie (D:8)
  4 hound skeletons
  A worker ant zombie (D:9)
  3 gnolls (D:7)
  A howler monkey skeleton (D:10)
  10 adders
  3 shadow imps
  An adder zombie (D:6)
  2 adder skeletons
  A worm (D:5)
  2 dart slugs (D:1)
  9 leopard geckos
  54 orcs
  6 giant cockroaches
  10 goblins
  7 hobgoblins
  22 jackals
  26 kobolds
  4 quokkas
  10 bats
  A frilled lizard (D:1)
  A quokka skeleton (D:6)
  A quokka zombie (D:9)
  8 rats
  6 plants
462 creatures vanquished.

Vanquished Creatures (others)
  A komodo dragon (Lair:6)
  A white imp (IceCv)
  2 ufetubi (IceCv)
  3 fungi (Lair:6)
  3 plants
10 creatures vanquished.

Grand Total: 472 creatures vanquished

Notes
Turn   | Place    | Note
-------+----------+-------------------------------------------
     0 | D:1      | Fang the Gargoyle Berserker began the quest for the Orb.
     0 | D:1      | Reached XP level 1. HP: 14/14 MP: 1/1
    21 | D:1      | Reached XP level 2. HP: 12/19 MP: 2/2
    27 | D:1      | Reached skill level 3 in Axes
   289 | D:1      | Reached XP level 3. HP: 24/24 MP: 3/3
   469 | D:1      | Reached ** piety under Trog
   845 | D:2      | Found an iron altar of Okawaru.
  1007 | D:2      | Reached XP level 4. HP: 27/29 MP: 4/4
  1456 | D:3      | Reached skill level 4 in Axes
  1456 | D:3      | Reached XP level 5. HP: 33/33 MP: 5/5
  1460 | D:3      | Reached *** piety under Trog
  1491 | D:3      | Noticed bnns's ghost (amateur VSMo)
  1518 | D:3      | Killed bnns's ghost
  1518 | D:3      | Reached XP level 6. HP: 38/38 MP: 6/6
  1627 | D:3      | Reached skill level 5 in Axes
  2631 | D:4      | Found a sparkling altar of Nemelex Xobeh.
  2632 | D:4      | Found a sacrificial altar of Ru.
  2632 | D:4      | Found a deep blue altar of Sif Muna.
  2632 | D:4      | Found a shattered altar of Ashenzari.
  2692 | D:4      | Noticed Blork the orc
  2704 | D:4      | Killed Blork the orc
  2704 | D:4      | Reached **** piety under Trog
  2704 | D:4      | Reached XP level 7. HP: 44/44 MP: 7/7
  2818 | D:4      | Noticed Eustachio
  2837 | D:4      | Killed Eustachio
  2837 | D:4      | Reached skill level 6 in Axes
  3053 | D:4      | Noticed Sigmund
  3060 | D:4      | Killed Sigmund
  3234 | D:4      | Reached XP level 8. HP: 26/48 MP: 8/8
  3549 | D:4      | Found a runed door.
  3567 | D:4      | Noticed bnns's ghost (amateur VSMo)
  3584 | D:4      | Killed bnns's ghost
  3875 | D:4      | Noticed Crazy Yiuf
  3886 | D:4      | Killed Crazy Yiuf
  3941 | D:5      | Entered Level 5 of the Dungeon
  4030 | D:5      | Noticed Prince Ribbit
  4043 | D:5      | Reached skill level 1 in Stealth
  4048 | D:5      | Killed Prince Ribbit
  4048 | D:5      | Reached skill level 5 in Fighting
  4048 | D:5      | Reached skill level 7 in Axes
  4221 | D:5      | Found a staircase to the Ecumenical Temple.
  4229 | D:5      | Reached skill level 5 in Armour
  4342 | Temple   | Entered the Ecumenical Temple
  4998 | D:5      | Found a snail-covered altar of Cheibriados.
  5067 | D:5      | Found a hazy altar of Hepliaklqana.
  5677 | D:6      | Reached XP level 9. HP: 50/54 MP: 9/9
  5721 | D:6      | Found an opulent altar of Gozag.
  5765 | D:6      | Reached skill level 8 in Axes
  6197 | D:6      | Found a glowing golden altar of the Shining One.
  6271 | D:6      | Reached ***** piety under Trog
  7205 | D:7      | Reached skill level 9 in Axes
  7689 | D:8      | Noticed a cyclops
  7702 | D:8      | Killed a cyclops
  7702 | D:8      | Reached XP level 10. HP: 61/61 MP: 10/10
  7884 | D:8      | Reached skill level 10 in Axes
  8286 | D:8      | Noticed Grum
  8306 | D:8      | Killed Grum
  8550 | D:8      | Noticed Joseph
  8561 | D:8      | Killed Joseph
  8766 | D:8      | Found an ancient bone altar of Kikubaaqudgha.
  9154 | D:9      | Received a gift from Trog
  9205 | D:9      | Reached skill level 11 in Axes
  9408 | D:9      | Reached XP level 11. HP: 63/67 MP: 11/11
  9794 | D:9      | Reached ****** piety under Trog
  9922 | D:9      | Found a staircase to the Orcish Mines.
 10086 | D:10     | Entered Level 10 of the Dungeon
 10249 | D:10     | Reached skill level 10 in Armour
 10540 | D:10     | Noticed Harold
 10555 | D:10     | Killed Harold
 10606 | D:10     | Found a staircase to the Lair.
 10727 | D:10     | Noticed dirtydan's ghost (journeyman GnFi)
 10740 | D:10     | Reached skill level 12 in Axes
 10760 | D:10     | Killed dirtydan's ghost
 10917 | D:10     | Noticed Josephine
 10935 | D:10     | Killed Josephine
 11159 | D:10     | Noticed a two-headed ogre
 11168 | D:10     | Killed a two-headed ogre
 11168 | D:10     | Reached XP level 12. HP: 76/76 MP: 12/12
 11174 | D:10     | Received a gift from Trog
 11347 | Lair:1   | Entered Level 1 of the Lair of Beasts
 12252 | Lair:2   | Noticed Sonja
 12265 | Lair:2   | Reached skill level 13 in Axes
 12275 | Lair:2   | Killed Sonja
 12542 | Lair:2   | Found a staircase to the Snake Pit.
 12888 | Snake:1  | Entered Level 1 of the Snake Pit
 13136 | Lair:3   | Reached skill level 10 in Fighting
 13167 | Lair:3   | Noticed Nergalle
 13182 | Lair:3   | Killed Nergalle
 13319 | Lair:3   | Received a gift from Trog
 13434 | Lair:3   | Found a hide-covered altar of Uskayaw.
 13470 | Lair:3   | Reached skill level 14 in Axes
 13603 | Lair:3   | Found a dark tunnel.
 13605 | Lair:3   | Reached XP level 13. HP: 67/82 MP: 4/13
 14029 | Lair:4   | Found a frozen archway.
 14173 | IceCv    | Entered an ice cave
 15097 | Lair:4   | HP: 2/83 [death yak (13)]
 15703 | Lair:5   | Found a blossoming altar of Fedhas.
 15740 | Lair:5   | Reached skill level 15 in Axes
 15875 | Lair:5   | Found a labyrinth entrance.
 16436 | Lair:6   | Entered Level 6 of the Lair of Beasts
 16512 | Lair:6   | Received a gift from Trog
 16651 | Lair:6   | Noticed a fire dragon
 16666 | Lair:6   | Killed a fire dragon
 17012 | Lair:6   | HP: 4/84 [ten-headed hydra (5)]
 17012 | Lair:6   | Slain by a ten-headed hydra

Skill      XL: |  1  2  3  4  5  6  7  8  9 10 11 12 13 |
---------------+----------------------------------------+-----
Axes           | 3 4 5 6 7 9 11 12 14 15 | 15.6
Dodging        | 2 3 4 |  4.7
Fighting       | 4 5 6 7 9 10 11 | 11.3
Armour         | 3 4 6 7 9 10 11 12 | 12.0
Stealth        | 1 2 3 |  3.0

Action                   |  1- 3 |  4- 6 |  7- 9 | 10-12 | 13-15 || total
-------------------------+-------+-------+-------+-------+-------++-------
Melee: Hand axe          |   108 |   187 |   522 |   508 |       ||  1325
       Executioner's axe |       |       |       |   193 |   306 ||   499
Invok: Berserk           |     1 |     5 |    10 |    12 |     5 ||    33
       Burn Spellbooks   |       |       |       |     1 |     1 ||     2
  Use: Scroll            |       |       |    15 |    10 |     2 ||    27
       Potion            |       |       |       |       |     3 ||     3
  Eat: Chunk             |     1 |    10 |    21 |    18 |    11 ||    61
       Ration            |       |       |     1 |     5 |     2 ||     8
Armor: Animal skin       |    12 |       |       |       |       ||    12
       Chain mail        |    43 |   142 |   313 |   517 |   342 ||  1357
Dodge: Dodged            |    79 |   101 |   232 |   451 |   276 ||  1139
